 Zot Defence DCSS version 0.14-a0-2431-g1d11b85 (webtiles) character file.

103425 BluebellGnoll the Warrior (level 15, 119/119 HPs)
             Began as a High Elf Hunter on Jan 30, 2014.
             Was a Believer of Vehumet.
             Quit the game in the Realm of Zot (Scenario II: Battle Heart) on Feb 4, 2014.
             The game lasted 01:30:25 (4294 turns).

BluebellGnoll the Warrior (High Elf Hunter)         Turns: 4294, Time: 01:30:25

HP 119/119       AC  3     Str 11      XL: 15   Next: 89%
MP  39/39        EV 20     Int 21      God: Vehumet [**....]
Gold 0           SH  0     Dex 18      Spells:  2 memorised, 44 levels left

rFire  . . .     SeeInvis .     b - +1 elf bow
rCold  . . .     Clarity  .     d - +0 elf leather armour
rNeg   . . .     Conserve .     (no shield)
rPois  .         rCorr    .     (no helmet)
rElec  .         rRot     .     (no cloak)
SustAb . .       Spirit   .     (no gloves)
rMut   .         Warding  .     (no boots)
Saprov . . .     Stasis   .     (no amulet)
MR     +....                    (no ring)
                                (no ring)

@: somewhat resistant to hostile enchantments, fairly stealthy
A: no striking features
a: Make dart trap, Make oklob sapling, Make arrow trap, Make plant, Remove
Curse, Make burning bush, Make altar, Make grenades, Make oklob plant, Make net
trap, Make ice statue, Make spear trap, Make alarm trap, Make mushroom circle,
Make bolt trap, Make crystal statue, Make needle trap, Renounce Religion


You were in the Realm of Zot.
You worshipped Vehumet.
Vehumet was pleased with you.
You were not hungry.

You visited 1 branch

Inventory:

Hand weapons
 a - a +3,+0 bow of frost
 b - a +1,+1 elven bow (weapon)
 n - a +1,+0 dire flail of distortion
 o - a +4,+0 whip
 q - a +1,+2 vampiric halberd
 t - a +0,+3 dagger of chaos
 u - a +2,+3 war axe of distortion
 v - a +1,+3 eudemon blade of holy wrath
 w - a +0,+4 scimitar of draining
 x - a +2,+1 elven scimitar of slicing
Missiles
 c - 78 arrows (quivered)
 h - 9 tomahawks
 l - 38 darts
 m - 3 throwing nets
Armour
 d - a +0 elven leather armour (worn)
 r - a cursed -2 robe
Magical devices
 p - a wand of confusion (10)
Comestibles
 f - a bread ration
Scrolls
 k - a scroll of blinking
 s - 2 scrolls of teleportation {unknown}
Potions
 e - 4 potions of curing
 g - 2 potions of heal wounds
 i - 2 potions of magic
 j - a potion of berserk rage
 z - a potion of blood


   Skills:
 - Level 16.9 Fighting
 - Level 14.4 Bows
 - Level 12.2 Dodging
 - Level 1.1 Stealth
 + Level 16.1 Spellcasting
 - Level 5.7 Earth Magic


You had 44 spell levels left.
You knew the following spells:

 Your Spells              Type           Power        Failure   Level  Hunger
a - Sandblast             Erth           #####.       1%          1    None
b - Freeze                Ice            ###.         3%          1    None


Dungeon Overview and Level Annotations

Branches:
    Zot (1/1)

Altars:
Vehumet


Message History

a crossbow; an orcish halberd; 22 bolts; a rotting yaktaur corpse; a spear You feel a bit more experienced.
You feel your intelligence returning.
You feel a bit more experienced.
You hear a sizzling sound!
You feel a bit more experienced.
A necrophage comes into view. It is wielding a spear.
Items here: )))))))))))
Things that are here:
an orcish ring mail; an orcish mace The necrophage unwields an uncursed spear.
The necrophage drops an uncursed spear.
The necrophage picks up a dwarven hand axe.
The necrophage wields a dwarven hand axe.
Things that are here:
a longbow; a great sword; 7 arrows; a rotting centaur corpse
Items here: % ( ))) a crossbow; an orcish halberd; 22 bolts; a yaktaur skeleton; a spear You see here a wind drake skeleton.
Are you sure you want to abandon this character and quit the game? (Confirm with "yes".)

▓▓▓8PP...........▓▓
▓▓.P...............▓▓
▓▓..).)..............▓▓
▓▓▓.)...%)..............▓
▓▓▓▓▓▓........%..............▓
..).[▓..).%.%.[..............▓
((()([.)))(%))[.............▓▓
(.[..▓▓▓▓▓▓▓).))...........▓▓
▓▓▓▓▓▓ ▓▓▓..@........▓▓▓
▓▓▓.......▓▓▓ ▓▓..%..▓▓
▓▓)%)..▓ ▓▓▓
▓▓▓▓▓▓▓▓▓))....▓▓▓ ∆∆▓
▓▓.........%).)...▓▓ ▓∆▓
▓.......n..).....).▓ ∆∆▓
▓................(.▓ ▓∆▓
▓▓...............)8.▓▓


There were no monsters in sight!

Vanquished Creatures
  2 eidola (Zot)
  A hydra (Zot)
  An ogre mage (Zot)
  A red wasp (Zot)
  A death drake (shapeshifter) (Zot)
  A hell beast (Zot)
  2 phantasmal warriors (Zot)
  A cyclops (Zot)
  A yaktaur (Zot)
  A two-headed ogre (Zot)
  A giant firefly (Zot)
  A merfolk (Zot)
  3 wind drakes (Zot)
  A trapdoor spider (Zot)
  A vampire (Zot)
  A wyvern (Zot)
  An ugly thing (Zot)
  A yak (Zot)
  A fire bat (shapeshifter) (Zot)
  Grum (Zot)
  A hill giant skeleton (Zot)
  A hungry ghost (Zot)
  A vampire mosquito (Zot)
  4 phantoms (Zot)
  A necrophage (Zot)
  A black bear (Zot)
  3 ogres (Zot)
  An orc warrior (Zot)
  A gnoll sergeant (Zot)
  A giant frog (Zot)
  A quasit (Zot)
  A crimson imp (Zot)
  A worker ant (Zot)
  An ogre skeleton (Zot)
  An adder (Zot)
  14 gnolls (Zot)
  5 giant eyeballs (Zot)
  3 oozes (Zot)
  An orc (Zot)
  A hobgoblin (Zot)
  4 jackals (Zot)
  5 kobolds (Zot)
  3 bats (Zot)
  6 goblins (Zot)
  3 rats (Zot)
  2 spectral orcs (Zot)
91 creatures vanquished.

Vanquished Creatures (collateral kills)
  the Lernaean hydra (Zot)
  Mara (Zot)
  Mennas (Zot)
  A white draconian (Zot)
  A player illusion (Zot)
  An eidolon (Zot)
  A great orb of eyes (Zot)
  A mottled draconian (Zot)
  2 pale draconians (Zot)
  6 hydras (Zot)
  Harold (Zot)
  4 dancing weapons (Zot)
  2 centaur warriors (Zot)
  2 orc high priests (Zot)
  2 very ugly things (Zot)
  A deep elf knight (Zot)
  A naga sharpshooter (Zot)
  4 skeletal warriors (Zot)
  A shock serpent (Zot)
  4 shadow wraiths (Zot)
  An unseen horror (shapeshifter) (Zot)
  A mana viper (Zot)
  4 ice devils (Zot)
  A giant amoeba (Zot)
  An ice statue (Zot)
  2 hill giants (Zot)
  2 phantasmal warriors (Zot)
  2 cyclopes (Zot)
  2 griffons (Zot)
  2 wolf spiders (Zot)
  A red wasp (shapeshifter) (Zot)
  3 black mambas (Zot)
  A yaktaur zombie (Zot)
  A guardian serpent (shapeshifter) (Zot)
  Psyche (Zot)
  An elf (shapeshifter) (Zot)
  8 yaktaurs (Zot)
  A spectral deep troll (Zot)
  3 salamanders (Zot)
  2 deep elf priests (Zot)
  A yaktaur skeleton (Zot)
  A jumping spider (shapeshifter) (Zot)
  A komodo dragon (Zot)
  A burning bush (Zot)
  2 blue devils (Zot)
  A giant firefly (shapeshifter) (Zot)
  7 merfolk (Zot)
  8 wind drakes (Zot)
  3 trolls (Zot)
  4 giant fireflies (Zot)
  A clay golem (Zot)
  41 slime creatures (Zot)
  3 two-headed ogres (Zot)
  17 ugly things (Zot)
  A deep troll zombie (Zot)
  7 wraiths (Zot)
  A necrophage (Zot)
  8 redbacks (Zot)
  A wyvern (Zot)
  3 hungry ghosts (Zot)
  A shadow (Zot)
  6 vampires (Zot)
  2 hippogriffs (Zot)
  2 manticores (Zot)
  18 yaks (Zot)
  12 hell beasts (Zot)
  A hell hound (Zot)
  A mottled dragon (Zot)
  3 vampire mosquitoes (Zot)
  A soldier ant (shapeshifter) (Zot)
  A spectral shapeshifter (Zot)
  A soldier ant (Zot)
  8 nagas (Zot)
  2 porcupines (Zot)
  Purgy (Zot)
  A black bear (Zot)
  4 ice beasts (Zot)
  An elf zombie (Zot)
  4 orc warriors (Zot)
  2 centaurs (Zot)
  4 phantoms (Zot)
  6 ogres (Zot)
  A big kobold (Zot)
  Sigmund (Zot)
  2 brain worms (Zot)
  6 crocodiles (Zot)
  11 water moccasins (Zot)
  2 giant slugs (Zot)
  2 giant frogs (Zot)
  A gnoll sergeant (Zot)
  A cyclops zombie (Zot)
  17 insubstantial wisps (Zot)
  A spectral sky beast (Zot)
  4 wights (Zot)
  7 crimson imps (Zot)
  A quasit (Zot)
  A centaur zombie (Zot)
  4 jellies (Zot)
  A cyclops simulacrum (Zot)
  2 gnoll shamans (Zot)
  2 hounds (Zot)
  2 iguanas (Zot)
  An elf skeleton (Zot)
  5 worker ants (Zot)
  2 orc wizards (Zot)
  4 sheep (Zot)
  A mummy (Zot)
  Terence (Zot)
  9 gnolls (Zot)
  8 adders (Zot)
  11 green rats (Zot)
  A worm (Zot)
  15 giant eyeballs (Zot)
  6 oozes (Zot)
  5 orcs (Zot)
  A ball python (Zot)
  18 bats (Zot)
  A giant cockroach (Zot)
  3 goblins (Zot)
  6 hobgoblins (Zot)
  18 jackals (Zot)
  15 kobolds (Zot)
  A giant spore (Zot)
  3 quokkas (Zot)
  3 rats (Zot)
  A rat skeleton (Zot)
  4 butterflies (Zot)
484 creatures vanquished.

Vanquished Creatures (others)
  3 ice statues (Zot)
  7 oklob plants (Zot)
  9 burning bushes (Zot)
  An ugly thing (Zot)
  An orange crystal statue (Zot)
  54 ice beasts (Zot)
  An oklob sapling (Zot)
  A wight (Zot)
  A crimson imp (Zot)
  A worker ant (Zot)
  6 orcs (Zot)
  9 goblins (Zot)
  5 jackals (Zot)
  2 ball pythons (Zot)
  4 giant newts (Zot)
  7 kobolds (Zot)
  6 rats (Zot)
118 creatures vanquished.

Grand Total: 693 creatures vanquished

Notes
Turn   | Place    | Note
--------------------------------------------------------------
     0 | Zot      | BluebellGnoll, the High Elf Hunter, began the quest for the Orb.
     0 | Zot      | Reached XP level 1. HP: 13/13 MP: 2/2
   255 | Zot      | Reached XP level 2. HP: 14/19 MP: 3/3
   270 | Zot      | Noticed Urar
   287 | Zot      | Killed Urar the crimson imp
   287 | Zot      | Reached XP level 3. HP: 18/27 MP: 5/5
   287 | Zot      | Reached XP level 4. HP: 22/33 MP: 7/7
   369 | Zot      | Noticed Clioth
   376 | Zot      | Killed Clioth the two-headed ogre
   376 | Zot      | Reached skill level 7 in Fighting
   376 | Zot      | Reached XP level 5. HP: 35/43 MP: 8/8
   376 | Zot      | Reached XP level 6. HP: 39/49 MP: 10/10
   468 | Zot      | Reached XP level 7. HP: 54/54 MP: 12/12
   643 | Zot      | Paralysed by a giant eyeball for 2 turns
   755 | Zot      | Reached skill level 8 in Bows
   835 | Zot      | Reached skill level 9 in Bows
   863 | Zot      | Reached XP level 8. HP: 60/60 MP: 13/13
   869 | Zot      | Noticed Grum
   873 | Zot      | Noticed a troll
   880 | Zot      | Killed a troll
   880 | Zot      | Reached skill level 10 in Bows
   884 | Zot      | Killed Grum
   884 | Zot      | Reached skill level 11 in Bows
   948 | Zot      | Became a worshipper of Vehumet
   957 | Zot      | Killed Terence
  1138 | Zot      | Reached skill level 12 in Bows
  1227 | Zot      | Noticed an eidolon
  1233 | Zot      | Killed an eidolon
  1233 | Zot      | Reached skill level 14 in Bows
  1233 | Zot      | Reached XP level 9. HP: 64/64 MP: 15/15
  1234 | Zot      | Noticed an eidolon
  1241 | Zot      | Killed an eidolon
  1241 | Zot      | Reached XP level 10. HP: 71/71 MP: 17/17
  1244 | Zot      | Killed a shadow wraith
  1252 | Zot      | Killed a shadow wraith
  1254 | Zot      | Noticed an eidolon
  1257 | Zot      | Noticed a phantasmal warrior
  1264 | Zot      | Killed an eidolon
  1264 | Zot      | Reached skill level 10 in Dodging
  1270 | Zot      | Killed a phantasmal warrior
  1289 | Zot      | Noticed a phantasmal warrior
  1290 | Zot      | Killed a shadow wraith
  1290 | Zot      | Reached XP level 11. HP: 75/75 MP: 18/18
  1302 | Zot      | Killed a shadow wraith
  1304 | Zot      | Killed a phantasmal warrior
  1545 | Zot      | Reached skill level 10 in Fighting
  1655 | Zot      | Acquired Vehumet's first power
  1655 | Zot      | Offered knowledge of Sandblast by Vehumet.
  1686 | Zot      | Learned a level 1 spell: Sandblast
  1739 | Zot      | Reached skill level 1 in Spellcasting
  1739 | Zot      | Killed a hill giant
  1739 | Zot      | Reached skill level 1 in Earth Magic
  1891 | Zot      | Killed an unseen horror
  1911 | Zot      | Reached XP level 12. HP: 76/88 MP: 26/26
  1927 | Zot      | Paralysed by a giant eyeball for 3 turns
  2017 | Zot      | Reached skill level 5 in Spellcasting
  2099 | Zot      | Paralysed by a giant eyeball for 2 turns
  2145 | Zot      | Killed Sigmund
  2241 | Zot      | Reached skill level 5 in Earth Magic
  2335 | Zot      | Killed Psyche
  2529 | Zot      | Reached XP level 13. HP: 95/97 MP: 31/31
  2647 | Zot      | Killed Harold
  2716 | Zot      | Upgraded the game from 0.14-a0-2340-g8df0fbc to 0.14-a0-2381-g4cacdb4
  2716 | Zot      | Upgraded the game from 0.14-a0-2381-g4cacdb4 to 0.14-a0-2400-gb2944a8
  2767 | Zot      | Killed the 27-headed Lernaean hydra
  2767 | Zot      | Reached skill level 15 in Fighting
  3052 | Zot      | Reached XP level 14. HP: 111/111 MP: 31/31
  3209 | Zot      | Reached skill level 16 in Fighting
  3256 | Zot      | Noticed Purgy
  3262 | Zot      | Killed Purgy
  3406 | Zot      | Offered knowledge of Freeze by Vehumet.
  3409 | Zot      | Learned a level 1 spell: Freeze
  3445 | Zot      | Paralysed by a giant eyeball for 3 turns
  3544 | Zot      | Reached skill level 10 in Spellcasting
  3562 | Zot      | Noticed Mara
  3564 | Zot      | Noticed BluebellGnoll's illusion
  3569 | Zot      | Noticed Mara
  3569 | Zot      | Noticed Mara
  3591 | Zot      | Killed BluebellGnoll's illusion
  3596 | Zot      | Killed Mara
  3616 | Zot      | Upgraded the game from 0.14-a0-2400-gb2944a8 to 0.14-a0-2431-g1d11b85
  3745 | Zot      | Reached XP level 15. HP: 112/119 MP: 34/36
  3952 | Zot      | Noticed Mennas
  3982 | Zot      | Killed Mennas
  4079 | Zot      | Reached skill level 15 in Spellcasting
  4294 | Zot      | Quit the game

Action                   |  1- 3 |  4- 6 |  7- 9 | 10-12 | 13-15 || total
-------------------------+-------+-------+-------+-------+-------++-------
Melee: Short sword       |     9 |       |       |       |       ||     9
       Halberd           |       |       |     6 |       |       ||     6
       Dire flail        |       |       |       |     6 |       ||     6
       Bow               |       |       |       |     1 |       ||     1
       Eudemon blade     |       |       |       |       |     9 ||     9
 Fire: Bow               |    18 |    24 |    66 |   146 |   323 ||   577
Throw: Dart              |     4 |       |       |     1 |       ||     5
       Tomahawk          |       |       |       |       |     5 ||     5
 Cast: Sandblast         |       |       |       |       |    65 ||    65
 Abil: Make dart trap    |     4 |       |       |       |       ||     4
       Make oklob saplin |     1 |     1 |       |       |       ||     2
       Make arrow trap   |       |     2 |       |       |     1 ||     3
       Make burning bush |       |     1 |     2 |     8 |    12 ||    23
       Make oklob plant  |       |       |     2 |     8 |     8 ||    18
       Make altar        |       |       |     1 |       |       ||     1
       Make ice statue   |       |       |       |     3 |     6 ||     9
       Remove Curse      |       |       |       |     1 |       ||     1
       Make spear trap   |       |       |       |       |     6 ||     6
       Make crystal stat |       |       |       |       |     3 ||     3
Evoke: Wand              |       |       |       |     1 |     1 ||     2
  Use: Potion            |       |       |       |     1 |       ||     1
